 Dungeon Crawl Stone Soup version 0.29.1-12-g30fa7ad0bf (webtiles) character file.

Game seed: 3561112807397299078

43 sanboga the Chopper (level 3, -1/33 HPs)
             Began as a Minotaur Berserker on Jan 5, 2023.
             Was a Follower of Trog.
             Succumbed to Robin's poison
             ... on level 2 of the Dungeon.
             The game lasted 00:01:13 (1125 turns).

sanboga the Chopper (Minotaur Berserker)            Turns: 1125, Time: 00:01:14

Health: -1/33      AC:  2    Str: 23    XL:     3   Next: 37%
Magic:  2/2        EV: 12    Int:  4    God:    Trog [*.....]
Gold:   51         SH:  0    Dex:  9    Spells: 2/2 levels left

rFire   . . .      SeeInvis .   a - +0 hand axe
rCold   . . .      Faith    .   (no shield)
rNeg    . . .      Spirit   .   b - +0 animal skin
rPois   .          Reflect  .   (helmet restricted)
rElec   .          Harm     .   (no cloak)
rCorr   .          Rampage  .   (no gloves)
Will    .....                   (no boots)
Stlth   +.........              (no amulet)
HPRegen 0.11/turn               (no ring)
MPRegen 0.08/turn               (no ring)

@: mighty, lethally poisoned (-1 -> -6), about to teleport, on berserk cooldown,
flying, slowed, very slow
A: horns 2, retaliatory headbutt
a: Renounce Religion, Berserk


You were on level 2 of the Dungeon.
You worshipped Trog.
Trog was aware of your devotion.
You visited 1 branch of the dungeon, and saw 2 of its levels.

You collected 51 gold pieces.

Inventory:

Hand Weapons
 a - a +0 hand axe (weapon)
Armour
 b - a +0 animal skin (worn)
Scrolls
 d - a scroll of enchant armour {unknown}
 f - a scroll of poison {unknown}
 i - a scroll of identify {unknown}


   Skills:
 + Level 4.1 Fighting
 * Level 4.6 Axes
 + Level 3.1 Armour
 - Level 2.1 Dodging


You had 2 spell levels left.
You didn't know any spells.
Your spell library was empty.

Dungeon Overview and Level Annotations

Branches:
Dungeon (2/15)

Altars:


Innate Abilities, Weirdness & Mutations

You have a pair of horns on your head.
You reflexively headbutt those who attack you in melee.


Message History

Robin is severely wounded.
You hit the goblin.
You kill the goblin!
Trog accepts your kill.
You feel sick.
Robin hits you with a +1 short sword of venom.
You are lethally poisoned!
You barely miss Robin. Your headbutt misses Robin.
Robin is severely wounded.
* * * LOW HITPOINT WARNING * * *
You feel very sick. Robin closely misses you. You furiously retaliate!
You headbutt Robin!
You feel the power of Trog in you as your rage grows.
You kill Robin!
Trog accepts your kill.
* * * LOW HITPOINT WARNING * * *
You feel sick.
Things that are here:
a +1 short sword of venom; a +0 animal skin; a +0 helmet You feel a strong urge to attack something.
* * * LOW HITPOINT WARNING * * *
You feel sick.
A frilled lizard comes into view.
* * * LOW HITPOINT WARNING * * *
You feel sick.
The frilled lizard hisses angrily.
Found 7 gold pieces.
You feel your anger nearly subside.
You are no longer berserk.
You are exhausted.
You feel yourself slow down.
* * * LOW HITPOINT WARNING * * *
You feel sick.
As you read the scroll labelled OTHRITA ITRENKY, it crumbles to dust.
You assume a fearsome visage.
The frilled lizard looks frightened!
It was a scroll of fear.
* * * LOW HITPOINT WARNING * * *
You feel very sick.
As you read the scroll labelled UGHAWE NEATU, it crumbles to dust.
You feel strangely unstable.
It was a scroll of teleportation.
You die...

..................###....
.!..........# ..#....
..........# #......
#.[..# #..#...
########†)#.# ##<.
......)))##.# #...
.#######).#.. #...
######.###. #...
........@# .. #....#
.......#......$. #..##.#
..........#...## #..# #.#
.........## ..# #.# #>.
.......... .# #. #..
........#. .. #..
.###..#. .. . #. #.... ..


There were no monsters in sight!

Vanquished Creatures
  Robin (D:2)
  3 ball pythons
  2 giant cockroaches (D:1)
  6 goblins
  3 hobgoblins
  3 jackals (D:1)
  A quokka (D:1)
  A bat (D:1)
  A frilled lizard (D:1)
  4 kobolds (D:1)
  A rat (D:1)
26 creatures vanquished.

Notes
Turn   | Place    | Note
-------+----------+-------------------------------------------
     0 | D:1      | sanboga the Minotaur Berserker began the quest for the Orb.
     0 | D:1      | Reached XP level 1. HP: 19/19 MP: 0/0
   264 | D:1      | Reached XP level 2. HP: 15/27 MP: 1/1
  1103 | D:2      | Noticed Robin
  1117 | D:2      | Reached XP level 3. HP: 23/33 MP: 2/2
  1119 | D:2      | Killed Robin
  1124 | D:2      | HP: 1/33 [poisoned by Robin]
  1125 | D:2      | Succumbed to Robin's poison

Illustrated notes

Levels and vault maps discovered:
D:1:      dpeg_arrival_refuge, layout_basic
D:2:      layout_rooms, serial_glass, glass_columns_b, glass_columns_c,
          item_on_display_a, due_unseen_surprise, nicolae_ecumenical_oubliette,
          uniq_terence, uniq_robin

Skill      XL: |  1  2 |
---------------+-------+-----
Axes           | 4 |  4.6
Fighting       | 4 |  4.1
Armour         | 3 |  3.1
Dodging        | |  2.1

Action                   || total
-------------------------++-------
Melee: Hand axe          ||    36
       Headbutt          ||     6
Invok: Berserk           ||     1
  Use: Potion            ||     4
       Scroll            ||     2
Armor: Animal skin       ||     7
Dodge: Dodged            ||    27
